 Dungeon Crawl Stone Soup version 0.16.1-16-gc44b35d (webtiles) character file.

30 Chiseanne the Grave Robber (level 3, -1/42 HPs)
             Began as a Naga Necromancer on Apr 28, 2015.
             Slain by an adder (3 damage)
             ... on level 2 of the Dungeon.
             The game lasted 00:05:53 (1535 turns).

Chiseanne the Grave Robber (Naga Necromancer)       Turns: 1535, Time: 00:05:53

Health: -1/42      AC: 21    Str: 10    XL:     3   Next: 18%
Magic:  1/6        EV:  1    Int: 16    God:
Gold:   53         SH:  0    Dex: 11    Spells: 3 memorised, 2 levels left

rFire  . . .     SeeInvis +     f - +0 short sword
rCold  . . .     Clarity  .     a - melded +0 robe
rNeg   + + +     SustAb   .     (no shield)
rPois  +         Gourm    .     (helmet currently unavailable)
rElec  .         Spirit   .     i - melded +0 cloak
rCorr  .         Warding  .     (gloves currently unavailable)
rMut   .         NoTele   +     (no barding)
MR     .....                    (no amulet)
Stlth  +++.......               (no ring)
                                (no ring)

@: short of breath, tree-form, not resistant to hostile enchantments, fairly
stealthy
A: spit poison, see invisible, (deformed body), (poison resistance), (slowness
0), AC +1
a: Spit Poison


You were on level 2 of the Dungeon.
You were not hungry.
You were a tree.
You visited 1 branch of the dungeon, and saw 2 of its levels.

You collected 53 gold pieces.

Inventory:

Hand weapons
 f - a +0 short sword (weapon)
 o - a +0 long sword
Armour
 a - a +0 robe (melded)
 i - a +0 cloak (melded)
Scrolls
 e - 2 scrolls of remove curse
 h - 3 scrolls of amnesia
 m - a scroll of recharging
Potions
 p - a potion of resistance {unknown}
Books
 b - a book of Necromancy

   Spells                             Type                      Level
   a - Pain                           Necromancy                   1
   b - Animate Skeleton               Necromancy                   1
   c - Vampiric Draining              Necromancy                   3
   d - Regeneration                   Charms/Necromancy            3
   e - Animate Dead                   Necromancy                   4
   f - Control Undead                 Necromancy                   4
Comestibles
 c - 2 bread rations
 j - 3 fruits
 k - a chunk of flesh
 n - a royal jelly


   Skills:
 - Level 1.5 Dodging
 * Level 3.0 Stealth
 * Level 2.5 Spellcasting
 * Level 4.6 Necromancy


You had 2 spell levels left.
You knew the following spells:

 Your Spells              Type           Power        Failure   Level  Hunger
a - Pain                  Necr           ###.         3%          1    #......
b - Animate Skeleton      Necr           N/A          3%          1    #......
c - Vampiric Draining     Necr           ###.......   12%         3    ###....


Dungeon Overview and Level Annotations

Branches:
Dungeon (2/15)

Altars:

Annotations:
D:2 Sigmund


Innate Abilities, Weirdness & Mutations

You cannot wear boots.
You can spit poison.
((Your serpentine skin is tough (AC +1).))
You have supernaturally acute eyesight.
((Armour fits poorly on your strangely shaped body.))
((Your system is resistant to poisons.))
((You cover ground very slowly.))


Message History

* * * LOW HITPOINT WARNING * * *
Your rat skeleton barely misses Sigmund.
The giant newt barely misses you. The adder bites you.
* * * LOW HITPOINT WARNING * * *
Sigmund barely misses you.
Your rat skeleton closely misses Sigmund.
The giant newt bites your rat skeleton.
Sigmund hits your rat skeleton with a scythe of venom.
The giant newt bites your rat skeleton.
Your rat skeleton is destroyed!
The adder closely misses you.
Drink which item? (? for menu, Esc to quit)
It was a potion of lignification.
You turn into a tree.
Your +0 cloak melds into your body.
Your +0 robe melds into your body.
Your roots penetrate the ground.
The adder bites you.
* * * LOW HITPOINT WARNING * * *
Sigmund mumbles some strange words.
Sigmund flickers and vanishes for a moment.
The adder bites you.
You die...

##(.#.# ##.....#
##Z.....# #####
###.......####...#..#
....[...............#.#
##...@...##.........#.
.###....l.............#.#
#......)S...#.(.......#.#
#.##....♣##...........#.#
##.#.?# ###.......##.#
#.#..#####.).(...##.#
#....................
#.#####..#...............
#........#.####..........
#..####.##.# #..........
#<##.# #.#.##.....
#.##.####.#.##.....


You could see Sigmund (invisible), an adder, a giant newt and a friendly ball
python skeleton (confused).

Vanquished Creatures
  A giant gecko (D:1)
  A ball python (D:2)
  3 goblins
  4 hobgoblins (D:1)
  A quokka (D:2)
  3 bats (D:1)
  A giant cockroach (D:1)
  4 kobolds (D:1)
  4 rats
22 creatures vanquished.

Vanquished Creatures (collateral kills)
  A goblin (D:1)
  2 hobgoblins (D:1)
  A kobold (D:1)
  A bat (D:1)
  3 rats (D:1)
8 creatures vanquished.

Vanquished Creatures (others)
  A bat skeleton (D:1)
  A giant gecko skeleton (D:1)
  2 hobgoblin skeletons (D:1)
  3 rat skeletons
7 creatures vanquished.

Grand Total: 37 creatures vanquished

Notes
Turn   | Place    | Note
--------------------------------------------------------------
     0 | D:1      | Chiseanne, the Naga Necromancer, began the quest for the Orb.
     0 | D:1      | Reached XP level 1. HP: 15/15 MP: 3/3
    39 | D:1      | Learned a level 1 spell: Animate Skeleton
   284 | D:1      | Reached XP level 2. HP: 20/22 MP: 1/4
  1183 | D:1      | Reached XP level 3. HP: 28/28 MP: 4/6
  1191 | D:1      | Learned a level 3 spell: Vampiric Draining
  1524 | D:2      | Noticed Sigmund
  1535 | D:2      | HP: 2/42 [adder (2)]
  1535 | D:2      | Slain by an adder

Action                   || total
-------------------------++-------
Melee: Unarmed           ||     3
       Club              ||     1
 Cast: Pain              ||    37
       Animate Skeleton  ||    18
       Vampiric Draining ||     1
 Abil: Spit Poison       ||     2
  Use: Scroll            ||     5
       Potion            ||     1
  Eat: Chunk             ||     3
